 Dungeon Crawl Stone Soup version 0.22.1 (webtiles) character file.

5 Markonkel the Caller (level 1, -1/15 HPs)
             Began as a Hill Orc Summoner on Sept 13, 2018.
             Slain by a jackal (2 damage)
             ... on level 1 of the Dungeon on Sept 17, 2018.
             The game lasted 00:03:32 (377 turns).

Markonkel the Caller (Hill Orc Summoner)             Turns: 377, Time: 00:03:33

Health: -1/15      AC:  2    Str: 10    XL:     1   Next: 80%
Magic:  3/3        EV: 12    Int: 15    God:
Gold:   17         SH:  0    Dex: 11    Spells: 2/3 levels left

rFire    . . .     SeeInvis .   b - +0 hand axe
rCold    . . .     Gourm    .   (no shield)
rNeg     . . .     Faith    .   a - +0 robe
rPois    .         Spirit   .   (no helmet)
rElec    .         Reflect  .   (no cloak)
rCorr    .         Harm     .   (no gloves)
MR       .....                  (no boots)
Stlth    ++........             (no amulet)
HPRegen  0.05/turn              (no ring)
MPRegen  0.08/turn              (no ring)

@: no status effects
A: no striking features
a: no special abilities


You were on level 1 of the Dungeon.
You were not hungry.

You visited 1 branch of the dungeon, and saw 1 of its levels.

You collected 17 gold pieces.

Inventory:

Hand Weapons
 b - a +0 hand axe (weapon)
Missiles
 Q - 18 arrows
Armour
 a - a +0 robe (worn)
Comestibles
 e - a ration


   Skills:
 + Level 0.5 Fighting
 - Level 1.5 Dodging
 + Level 1.7 Stealth
 + Level 1.6 Spellcasting
 + Level 4.0 Summonings


You had 2 spell levels left.
You knew the following spells:

 Your Spells              Type           Power        Failure   Level  Hunger
a - Summon Small Mammal   Summ           ##..         4%          1    ##.....

Your spell library contained the following spells:

 Spells                   Type           Power        Failure   Level  Hunger
 Call Imp                 Summ           ##......     7%          2    ###....
 Call Canine Familiar     Summ           ##......     13%         3    ####...
 Summon Guardian Golem    Hex/Summ       #.......     30%         3    ####...
 Summon Ice Beast         Ice/Summ       #.......     69%         4    #####..
 Summon Lightning Spire   Summ/Air       #.......     69%         4    #####..


Dungeon Overview and Level Annotations

Branches:
Dungeon (1/15)

Altars:


Message History

Really attack barehanded? [Y]es or [N]o only, please.
Really attack barehanded? [Y]es or [N]o only, please.
Really attack barehanded?
Okay, then.
b - a +0 hand axe (weapon)
The jackal completely misses you.
You aren't carrying any potions.
Sorry, you're not good enough to have a special ability.
Sorry, you're not good enough to have a special ability.
You are now empty-handed.
The hobgoblin shouts!
The rat twitches its whiskers.
b - a +0 hand axe (weapon)
The jackal barely misses you.
You hit the jackal. The jackal bites you.
* * * LOW HITPOINT WARNING * * *
The jackal bites you.
You die...

############
#.....Kr...#
#.##.K.###K# #. #...#
#K# #.##...# #r#
#......# #r# ###....#
#h# #....# #h# #....#
#@# ## #....# #g# ...
#.######.. ....
#..........
.....##..############
......(.##......#..<#
......#.##.###..#...#
#b..###.##.#....#'###
..# #.##.#.8....#


You could see 2 jackals, a hobgoblin, 2 kobolds and 2 rats.

Vault maps used:
D:1:      dpeg_arrival_court, serial_bayou_lagoon_a

Notes
Turn   | Place    | Note
-------+----------+-------------------------------------------
     0 | D:1      | Markonkel the Hill Orc Summoner began the quest for the
                  | Orb.
     0 | D:1      | Reached XP level 1. HP: 14/14 MP: 3/3
     0 | D:1      | Upgraded the game from 0.22.0-75-g3901e79 to 0.22.1
    52 | D:1      | HP: 3/14 [dart slug (1)]
    59 | D:1      | HP: 2/14 [dart slug (1)]
   364 | D:1      | HP: 3/15 [jackal (2)]
   364 | D:1      | HP: 1/15 [jackal (2)]
   374 | D:1      | Identified a +0 hand axe (You found it on level 1 of the
                  | Dungeon)
   377 | D:1      | HP: 1/15 [jackal (1)]
   377 | D:1      | Slain by a jackal

Table legend:
 A = Turns spent in this place as a percentage of turns spent in the entire game.
 B = Non-inter-level travel turns spent in this place as a percentage of non-inter-level travel turns spent in the entire game.
 C = Inter-level travel turns spent in this place as a percentage of turns spent in this place.
 D = Turns resting spent in this place as a percentage of non-inter-level travel turns spent in this place.
 E = Turns spent auto-exploring this place as a percentage of non-inter-level travel turns spent in this place.
 F = Non-inter-level travel turns spent in this place divided by the number of levels of this place that you've seen.
                   A       B       C       D       E      F
               +-------+-------+-------+-------+-------+----------------------
         Total | 100.0 | 100.0 |   0.0 |  65.5 |   1.1 | 377.0
       Dungeon | 100.0 | 100.0 |   0.0 |  65.5 |   1.1 | 377.0
               +-------+-------+-------+-------+-------+----------------------

Table legend:
 A = Kills in this place as a percentage of kills in entire the game.
 B = Kills by you in this place as a percentage of kills by you in the entire game.
 C = Kills by friends in this place as a percentage of kills by friends in the entire game.
 D = Other kills in this place as a percentage of other kills in the entire game.
 E = Experience gained in this place as a percentage of experience gained in the entire game.
 F = Experience gained in this place divided by the number of levels of this place that you have seen.
                   A       B       C       D       E      F
               +-------+-------+-------+-------+-------+----------------------
         Total | 100.0 | 100.0 |   N/A |   N/A | 100.0 |   8.0
       Dungeon | 100.0 | 100.0 |   N/A |   N/A | 100.0 |   8.0
               +-------+-------+-------+-------+-------+----------------------

Action                   || total
-------------------------++-------
Melee: Unarmed           ||    32
       Hand axe          ||     1
Armor: Robe              ||     6
Dodge: Dodged            ||    24

Vanquished Creatures
  A dart slug (D:1)
  A giant cockroach (D:1)
  2 rats (D:1)
4 creatures vanquished.
